 Dungeon Crawl Stone Soup version 0.29-a0-283-ga02f740833 (webtiles) character file.

Game seed: 15702157051389776201

23 Anunax the Charlatan (level 2, -1/14 HPs)
             Began as a Vine Stalker Artificer on Mar 13, 2022.
             Slain by a worm (9 damage)
             ... on level 2 of the Dungeon.
             The game lasted 00:02:45 (1620 turns).

Anunax the Charlatan (Vine Stalker Artificer)       Turns: 1620, Time: 00:02:46

Health: -1/14      AC:  4    Str: 14    XL:     2   Next: 95%
Magic:  0/3        EV: 11    Int: 11    God:
Gold:   40         SH:  0    Dex: 14    Spells: 1/1 levels left

rFire   . . .      SeeInvis .   a - +0 club
rCold   . . .      Faith    .   (no shield)
rNeg    . . .      Spirit   +   b - +0 leather armour
rPois   .          Reflect  .   (no helmet)
rElec   .          Harm     .   h - +0 cloak
rCorr   .          Rampage  .   (no gloves)
Will    .....                   (no boots)
Stlth   ++........              (no amulet)
HPRegen 0.04/turn               (no ring)
MPRegen 0.08/turn               (no ring)

@: no status effects
A: fangs 2, magic shield, antimagic bite, no potion heal 2
a: no special abilities


You were on level 2 of the Dungeon.
You visited 1 branch of the dungeon, and saw 2 of its levels.

You collected 40 gold pieces.

Inventory:

Hand Weapons
 a - a +0 club (weapon)
Armour
 b - a +0 leather armour (worn)
 h - a +0 cloak (worn)
Wands
 c - a wand of flame (15) (quivered)
 d - a wand of charming (15)
 e - a wand of iceblast (9)
Scrolls
 g - a scroll of amnesia {unknown}
 l - a scroll of teleportation {unknown}
 m - 2 scrolls of identify {unknown}
Potions
 f - a potion of lignification {unknown}
 i - a potion of might {unknown}
 j - a potion of brilliance {unknown}
 k - a potion of magic {unknown}
 n - a potion of ambrosia {unknown}


   Skills:
 + Level 1.1 Fighting
 + Level 0.2 Maces & Flails
 + Level 2.0 Armour
 + Level 1.0 Dodging
 + Level 1.3 Stealth
 + Level 3.1 Evocations


You had one spell level left.
You didn't know any spells.
Your spell library was empty.

Dungeon Overview and Level Annotations

Branches:
Dungeon (2/15)

Altars:


Innate Abilities, Weirdness & Mutations

You have extremely sharp teeth.
When hurt, damage is shared between your health and your magic reserves.
Your bite disrupts and absorbs the magic of your enemies.
Potions cannot restore your health.


Message History

Done exploring.
Done exploring.
You see here a dart slug corpse.
There is a stone staircase leading down here.
You climb downwards.
The frilled lizard hisses angrily.
Found 2 scrolls labelled SOECVIUZOF and a scale mail.
There is a stone staircase leading up here.
The frilled lizard barely misses you.
You hit the frilled lizard.
The frilled lizard is heavily wounded.
The frilled lizard bites you but does no damage.
You miss the frilled lizard.
The frilled lizard is heavily wounded.
The frilled lizard bites you but does no damage.
You hit the frilled lizard.
You kill the frilled lizard!
Found a silvery potion.
m - 2 scrolls labelled SOECVIUZOF A ball python comes into view.
The ball python hisses angrily.
You see here a silvery potion.
n - a silvery potion You hit the ball python.
You kill the ball python!
You start waiting.
A worm comes into view.
A worm is nearby!
Found a long sword.
You barely miss the worm. You bite the worm. You drain its power.
The worm is moderately wounded.
The worm bites you.
You hit the worm.
The worm is moderately wounded.
The worm bites you.
You hit the worm. Your bite misses the worm.
The worm is moderately wounded.
The worm bites you!
Ouch! That really hurt!
You die...

..## .... .. #.. # .#..
#.. .. .... #.# .. #...
#†# ###.###
.#.#.#####.####....... .
...................)..
.......[........@.......
...#####..######.w.#####
#...........# #...#
#.......###.# #...#
##.......# # ##.##
#........# .#
#........## ..
#........<# ..
#.###.#.#.#


You could see a worm.

Vanquished Creatures
  2 dart slugs (D:1)
  2 endoplasms (D:1)
  A hobgoblin (D:1)
  2 jackals (D:1)
  A quokka (D:1)
  2 ball pythons
  5 frilled lizards
  A kobold (D:1)
  4 rats (D:1)
20 creatures vanquished.

Notes
Turn   | Place    | Note
-------+----------+-------------------------------------------
     0 | D:1      | Anunax the Vine Stalker Artificer began the quest for the
                  | Orb.
     0 | D:1      | Reached XP level 1. HP: 9/9 MP: 2/2
   746 | D:1      | Found a faded altar of an unknown god.
   749 | D:1      | Reached skill level 1 in Fighting
   776 | D:1      | Reached XP level 2. HP: 13/14 MP: 3/3
   830 | D:1      | Reached skill level 3 in Evocations
  1284 | D:1      | Reached skill level 1 in Dodging
  1620 | D:2      | Slain by a worm

Illustrated notes

Levels and vault maps discovered:
D:1:      spicycebolla_arrival_teleporter_tutorial, layout_basic,
          hellmonk_ecumenical_altar_blasted, dk_noncrumbling_3
D:2:      layout_basic, mrwooster_statue_mirror, chequers_serial_rivers_micro_b

Skill      XL: |  1  2 |
---------------+-------+-----
Fighting       | 1 |  1.1
Evocations     | 3 |  3.1
Dodging        | 1 |  1.0
Armour         | 2 |  2.0
Maces & Flails | |  0.2
Stealth        | |  1.3

Action                   || total
-------------------------++-------
Melee: Club              ||    69
       Bite              ||    16
       Punch             ||     1
 Stab: Sleeping          ||     1
Armor: Leather armour    ||    21
Dodge: Dodged            ||    48

Table legend: (Time is in decaauts)
 A = Elapsed time spent in this place.
 B = Non-inter-level travel time spent in this place.
 C = Inter-level travel time spent in this place.
 D = Time resting spent in this place.
 E = Time spent auto-exploring this place.
 F = Levels seen in this place.
 G = Mean time per level.
                   A        B        C        D        E       F      G
               +--------+--------+--------+--------+--------+-----+--------+
         Total |   1639 |   1589 |     50 |    467 |    891 |   2 |  819.5 |
       Dungeon |   1639 |   1589 |     50 |    467 |    891 |   2 |  819.5 |
               +--------+--------+--------+--------+--------+-----+--------+

Top non-repeatable levels by time:
     D:1: 1520 daAuts
     D:2: 119 daAuts
